 Dungeon Crawl Stone Soup version 0.31-a0-177-g4aa6249778 (webtiles) character file.

Game seed: 8469155509542977775

56980 qw the Severer (level 14, -6/92 HPs)
             Began as a Gargoyle Fighter on June 18, 2023.
             Was an Elder of Okawaru.
             Mangled by a komodo dragon (21 damage)
             ... on level 12 of the Dungeon.
             The game lasted 00:09:07 (17206 turns).

qw the Severer (Gargoyle Fighter)                  Turns: 17206, Time: 00:09:08

Health: -6/92      AC: 38    Str: 30      XL:     14   Next: 84%
Magic:  18/21      EV: 10    Int:  8 (9)  God:    Okawaru [****..]
Gold:   1094       SH: 11    Dex:  8 (9)  Spells: 13/13 levels left

rFire   . . .        m - +5 war axe (freeze)
rCold   . . .        c - +0 buckler
rNeg    + . .        g - +0 plate armour
rPois   inf          q - +1 helmet "Hutur" {Will+ Str+5}
rElec   +            C - +1 cloak {Stlth+}
rCorr   .            f - +2 pair of gloves
SInv    +            w - +0 pair of boots {Fly}
Will    +++..        i - amulet of reflection Stlth
                     k - ring of willpower
HPRegen 0.35/turn    a - ring of see invisible
MPRegen 0.17/turn

%: reflection
@: about to teleport, heroic, flying
A: sickness immunity, AC +10, big wings, negative energy resistance 1,
electricity resistance, torment resistance 1, petrification resistance
a: Renounce Religion, Heroism, Finesse


You were on level 12 of the Dungeon.
You worshipped Okawaru.
Okawaru was greatly pleased with you.
You visited 2 branches of the dungeon, and saw 17 of its levels.

You collected 1430 gold pieces.
You spent 336 gold pieces at shops.


Innate Abilities, Weirdness & Mutations

You are immune to sickness and miasma.
Your stone body is resilient. (AC +10)
You are immune to poison.
Your large and strong wings let you fly.
You resist negative energy. (rN+)
You are resistant to electric shocks. (rElec)
You are resistant to unholy torment.
You are immune to petrification.


   Skills:
 - Level 12.0(17.0) Fighting
 + Level 15.7(20.7) Axes
 - Level 6.0(11.0) Throwing
 - Level 11.0(16.0) Armour
 - Level 3.0(8.0) Dodging
 - Level 7.3(12.3) Shields
 - Level 10.0 Invocations


You had 13 spell levels left.
You didn't know any spells.
Your spell library was empty.

Inventory:

Hand Weapons
 m - a +5 war axe of freezing (weapon)
 A - a +2 flail of protection
Missiles
 n - a javelin
 B - 4 boomerangs
Armour
 c - a +0 buckler (worn)
 f - a +2 pair of gloves (worn)
 g - a +0 plate armour (worn)
 l - the +2 helmet of Ganlaz {rCorr}
   (You found it on level 5 of the Dungeon)

   rCorr:     It protects you from acid and corrosion.
 q - the +1 helmet "Hutur" (worn) {Will+ Str+5}
   (You found it on level 3 of the Dungeon)

   Str:       It affects your strength (+5).
   Will:      It increases your willpower.
 w - a +0 pair of boots of flying (worn)
 x - the +5 ring mail of a ziggurat {-Tele Dex+6 Slay+4}
   (You found it on level 3 of the Lair of Beasts)

   Dex:       It affects your dexterity (+6).
   Slay:      It affects your accuracy & damage with ranged weapons and melee
   (+4).
   -Tele:     It prevents most forms of teleportation.
 C - a +1 cloak of stealth (worn)
Jewellery
 a - a ring of see invisible (right hand)
 i - an amulet of reflection (around neck)
 k - a ring of willpower (left hand)
 z - a +6 ring of dexterity
Scrolls
 e - 7 scrolls of teleportation
 h - 4 scrolls of identify
Potions
 b - 2 potions of attraction
 d - 4 potions of might
 j - a potion of magic
 o - 4 potions of curing
 p - 2 potions of enlightenment
 r - a potion of haste
 v - a potion of resistance

Dungeon Overview and Level Annotations

Branches:
Dungeon (12/15)            Temple (0/1) D:7            Lair (5/5) D:8
 Shoals (0/4) Lair:3        Snake (0/4) Lair:3        Slime (0/5) Lair:4
    Orc (0/2) D:9

Altars:
Ashenzari
Cheibriados
Elyvilon
Fedhas
Kikubaaqudgha
Makhleb
Nemelex Xobeh
Okawaru
Qazlal
Sif Muna
Uskayaw
Vehumet
Wu Jian
Xom
Zin
The Shining One
Jiyva

Shops:
D:5 *   D:10 ?

Annotations:
D:7 1 runed translucent door, qw's ghost, novice NaHu
Lair:1 exclusion: oklob plant
Lair:3 3 runed translucent doors, qw's ghost, journeyman GrFi; qw's ghost, journeyman NaHu
Lair:4 3 runed translucent doors, qw's ghost, journeyman GrFi


Message History

The tengu conjurer is heavily wounded.
You block the tengu conjurer's attack. The tengu conjurer barely misses you.
The tengu conjurer claws you but does no damage.
The tengu warrior hits you from afar with a +0 glaive.
You slice the tengu conjurer!! You freeze the tengu conjurer.
You kill the tengu conjurer!
Okawaru accepts your kill.
Your hands slow down.
You block the tengu warrior's attack.
The tengu warrior pecks you but does no damage.
The tengu warrior barely misses you.
You slice the tengu warrior!! You freeze the tengu warrior!
The tengu warrior is severely wounded.
The tengu warrior hits you but does no damage.
The tengu warrior pecks you but does no damage.
The tengu warrior claws you but does no damage.
You barely miss the tengu warrior.
The tengu warrior is severely wounded.
Your surroundings suddenly seem different.
A komodo dragon and a troll come into view.
Found a glowing broad axe and 17 gold pieces.
The komodo dragon hisses angrily.
The troll shouts!
You throw a silver javelin.
The silver javelin pierces through the komodo dragon!!
The komodo dragon is almost dead.
17203 ||| READING 8 scrolls of teleportation.
As you read the scroll of teleportation, it crumbles to dust.
You feel strangely unstable.
You completely miss the komodo dragon.
The komodo dragon is almost dead.
The komodo dragon closely misses you.
You barely miss the komodo dragon.
The komodo dragon is almost dead.
You closely miss the troll.
You block the troll's attack. x2; The troll claws you but does no damage.
You closely miss the komodo dragon.
The komodo dragon is almost dead.
You slash the troll! You freeze the troll. The komodo dragon bites you!!
You die...

.#
#########.#
#..........
#..........
#..........
#..........
#..$T......
#..@l.)...(
#............
###..........
#..........
###########


You could see a komodo dragon and a troll.

Vanquished Creatures
  Nessos (D:12)
  Josephine (D:12)
  3 hydras
  2 catoblepae
  2 boulder beetles
  4 death yaks (Lair:5)
  Urug (Lair:5)
  2 skysharks
  2 goliath frogs (Lair:5)
  3 harpies (Lair:3)
  4 oklob plants (Lair:4)
  A manticore (D:11)
  16 elephants
  2 black mambas (Lair:3)
  2 torpor snails
  17 cane toads
  Psyche (D:9)
  A rime drake (Lair:4)
  3 kobold demonologists (D:11)
  An unseen horror (D:11)
  13 komodo dragons
  A tengu conjurer (D:12)
  3 trolls (D:11)
  3 polar bears
  Grinder (D:4)
  2 tyrant leeches (Lair:5)
  A hornet (D:7)
  23 blink frogs
  5 dream sheep (Lair:3)
  3 wyverns
  A shadow (D:11)
  48 yaks
  3 steam dragons
  4 basilisks
  5 wraiths (D:12)
  9 vampire mosquitoes
  Menkaure (D:7)
  A warg (D:9)
  An acid dragon (D:9)
  3 nagas (Lair:3)
  17 water moccasins
  5 orc warriors
  3 black bears
  An ogre (D:5)
  16 wolves
  7 centaurs
  4 kobold brigands (D:11)
  A phantom (D:4)
  26 bullfrogs
  A gnoll sergeant (D:5)
  A scorpion (D:6)
  10 wights
  6 killer bees
  4 electric eels
  A howler monkey (D:10)
  2 hounds
  6 orc priests
  6 iguanas
  Terence (D:3)
  15 orc wizards
  A hell rat (Lair:2)
  Robin (D:3)
  3 gnolls (D:5)
  5 adders
  2 river rats (D:3)
  2 white imps
  4 ufetubi
  2 worms (D:2)
  A dart slug (D:4)
  26 orcs
  6 ball pythons
  7 bats
  5 endoplasms
  3 giant cockroaches
  16 goblins
  9 hobgoblins
  3 quokkas
  3 frilled lizards
  14 kobolds
  8 rats
454 creatures vanquished.

Notes
Turn   | Place    | Note
-------+----------+-------------------------------------------
     0 | D:1      | qw the Gargoyle Fighter began the quest for the Orb.
     0 | D:1      | Reached XP level 1. HP: 14/14 MP: 1/1
     0 | D:1      | 0 ||| qw: Version: 0.3-a-5-g6f28e65
     0 | D:1      | 0 ||| qw: Game counter: 569
     0 | D:1      | 0 ||| qw: Always use a shield: true
     0 | D:1      | 0 ||| qw: God list: Okawaru
     0 | D:1      | 0 ||| qw: Allow faded altars: false
     0 | D:1      | 0 ||| qw: Do Orc after D:15 true
     0 | D:1      | 0 ||| qw: Do second Lair branch before Depths: true
     0 | D:1      | 0 ||| qw: Lair rune preference: random
     0 | D:1      | 0 ||| qw: Plans: Normal, Zot:1-4, Slime:5, God:TSO, Crypt,
                  | Tomb, Abyss, Pan, Hells, Win
     0 | D:1      | 0 ||| PLANNING D:1-11
     9 | D:1      | Reached skill level 2 in Axes
   118 | D:1      | Reached XP level 2. HP: 6/19 MP: 2/2
   417 | D:1      | Reached skill level 3 in Axes
   543 | D:1      | Reached XP level 3. HP: 23/23 MP: 3/3
   600 | D:1      | 600 ||| Stepping ~*~*~tactically~*~*~ (stealth).
   641 | D:1      | 641 ||| UPGRADING to +2 pair of gloves.
   646 | D:1      | 646 ||| UPGRADING to +0 plate armour.
   656 | D:1      | 656 ||| DROPPING +0 scale mail.
   657 | D:1      | 657 ||| UPGRADING to ring of willpower.
   658 | D:1      | 658 ||| READING scroll labelled NAYGEI NUBRIT.
   659 | D:1      | 659 ||| READING scroll labelled WANUOLAFAI.
   690 | D:2      | 690 ||| DROPPING +0 club.
  1227 | D:2      | 1227 ||| READING scroll labelled FARRIKU CUCEN.
  1228 | D:2      | 1228 ||| READING 3 scrolls labelled SEIBIU POTEUN.
  1256 | D:3      | 1256 ||| PLANNING SEWER
  1341 | D:3      | 1341 ||| Stepping ~*~*~tactically~*~*~ (stealth).
  1343 | D:3      | 1343 ||| Stepping ~*~*~tactically~*~*~ (hiding).
  1344 | D:3      | 1344 ||| Stepping ~*~*~tactically~*~*~ (hiding).
  1346 | D:3      | 1346 ||| Stepping ~*~*~tactically~*~*~ (hiding).
  1347 | D:3      | 1347 ||| Stepping ~*~*~tactically~*~*~ (hiding).
  1354 | D:3      | HP: 5/23 [orc wizard/+2 dagger of venom (2)]
  1355 | D:3      | 1355 ||| READING 2 scrolls of teleportation.
  1357 | D:3      | HP: 1/23 [orc wizard/+2 dagger of venom (3)]
  1359 | D:3      | Reached skill level 4 in Axes
  1359 | D:3      | Reached XP level 4. HP: 2/28 MP: 4/4
  1492 | D:3      | Noticed Robin
  1500 | D:3      | Killed Robin
  1622 | D:3      | Noticed Terence
  1635 | D:3      | Killed Terence
  1636 | D:3      | Reached XP level 5. HP: 21/32 MP: 5/5
  1681 | D:3      | 1681 ||| DROPPING +0 mace.
  1721 | D:3      | Identified the +1 helmet "Hutur" {Will+ Str+5}
  1735 | D:3      | 1735 ||| SWAPPING to +1 war axe of electrocution.
  1736 | D:3      | 1736 ||| DROPPING +1 war axe.
  1948 | D:3      | 1948 ||| Stepping ~*~*~tactically~*~*~ (stealth).
  1949 | D:3      | 1949 ||| Stepping ~*~*~tactically~*~*~ (stealth).
  1950 | D:3      | 1950 ||| Stepping ~*~*~tactically~*~*~ (stealth).
  1951 | D:3      | 1951 ||| Stepping ~*~*~tactically~*~*~ (stealth).
  1954 | D:3      | Reached skill level 5 in Axes
  2027 | D:3      | 2027 ||| RIP SEWER
  2062 | D:3      | 2062 ||| PLANNING D:1-11
  2084 | D:3      | 2084 ||| Stepping ~*~*~tactically~*~*~ (stealth).
  2094 | D:3      | 2094 ||| Stepping ~*~*~tactically~*~*~ (stealth).
  2095 | D:3      | 2095 ||| Stepping ~*~*~tactically~*~*~ (stealth).
  2124 | D:3      | 2124 ||| Stepping ~*~*~tactically~*~*~ (water).
  2205 | D:3      | 2205 ||| UPGRADING to +2 helmet.
  2210 | D:3      | 2210 ||| UPGRADING to +1 helmet "Hutur" {Will+ Str+5}.
  2220 | D:3      | 2220 ||| DROPPING +2 helmet.
  2221 | D:3      | 2221 ||| READING scroll labelled GAETOS TEIBB.
  2222 | D:3      | 2222 ||| READING scroll labelled CANA RIESMUJUN.
  2223 | D:3      | 2223 ||| READING scroll labelled CANU WUFADU.
  2224 | D:3      | 2224 ||| DRINKING 2 fizzy inky potions.
  2353 | D:4      | Found a glowing golden altar of the Shining One.
  2381 | D:4      | Found a snail-covered altar of Cheibriados.
  2464 | D:4      | Reached XP level 6. HP: 39/39 MP: 6/6
  2481 | D:4      | 2481 ||| Stepping ~*~*~tactically~*~*~ (hiding).
  2485 | D:4      | 2485 ||| Stepping ~*~*~tactically~*~*~ (hiding).
  2486 | D:4      | 2486 ||| Stepping ~*~*~tactically~*~*~ (hiding).
  2488 | D:4      | 2488 ||| Stepping ~*~*~tactically~*~*~ (hiding).
  2715 | D:4      | Found an iron altar of Okawaru.
  2957 | D:4      | 2957 ||| UPGRADING to +0 pair of boots.
  2962 | D:4      | 2962 ||| DROPPING orb of energy.
  2963 | D:4      | 2963 ||| UPGRADING to +0 cloak.
  2968 | D:4      | 2968 ||| DROPPING ring of wizardry.
  2969 | D:4      | 2969 ||| READING scroll labelled ZORO PIGAAN.
  2970 | D:4      | 2970 ||| READING scroll labelled VOAPEA NANG.
  2971 | D:4      | 2971 ||| DRINKING 2 fizzy pink potions.
  3003 | D:5      | Entered Level 5 of the Dungeon
  3004 | D:5      | 3004 ||| STAIRDANCE
  3004 | D:5      | Noticed Grinder
  3010 | D:5      | 3010 ||| STAIRDANCE
  3091 | D:5      | 3091 ||| STAIRDANCE
  3096 | D:5      | 3096 ||| STAIRDANCE
  3143 | D:5      | 3143 ||| STAIRDANCE
  3165 | D:5      | 3165 ||| STAIRDANCE
  3169 | D:5      | 3169 ||| STAIRDANCE
  3175 | D:5      | 3175 ||| STAIRDANCE
  3179 | D:4      | Killed Grinder
  3180 | D:4      | Reached skill level 6 in Axes
  3180 | D:4      | Reached XP level 7. HP: 44/44 MP: 7/7
  3182 | D:5      | 3182 ||| STAIRDANCE
  3186 | D:5      | 3186 ||| STAIRDANCE
  3190 | D:5      | 3190 ||| STAIRDANCE
  3194 | D:5      | 3194 ||| STAIRDANCE
  3198 | D:5      | 3198 ||| STAIRDANCE
  3202 | D:5      | 3202 ||| STAIRDANCE
  3206 | D:5      | 3206 ||| STAIRDANCE
  3210 | D:5      | 3210 ||| STAIRDANCE
  3214 | D:5      | 3214 ||| STAIRDANCE
  3218 | D:5      | 3218 ||| STAIRDANCE
  3222 | D:5      | 3222 ||| STAIRDANCE
  3235 | D:5      | 3235 ||| STAIRDANCE
  3252 | D:4      | Found a broken altar of Ashenzari.
  3252 | D:4      | Found a sparkling altar of Nemelex Xobeh.
  3252 | D:4      | Found a glowing silver altar of Zin.
  3253 | D:4      | 3253 ||| PLANNING OKAWARU WORSHIP
  3257 | D:4      | Became a worshipper of Warmaster Okawaru
  3258 | D:4      | 3258 ||| PLANNING D:1-11
  3287 | D:5      | Identified the +2 helmet of Ganlaz {rCorr}
  3625 | D:5      | Reached XP level 8. HP: 38/48 MP: 8/8
  3626 | D:5      | 3626 ||| FLEEEEING.
  3628 | D:5      | 3628 ||| FLEEEEING.
  3629 | D:5      | 3629 ||| FLEEEEING.
  3630 | D:5      | 3630 ||| FLEEEEING.
  3631 | D:5      | 3631 ||| FLEEEEING.
  3632 | D:5      | 3632 ||| FLEEEEING.
  3633 | D:5      | 3633 ||| FLEEEEING.
  3639 | D:5      | Reached skill level 7 in Axes
  3805 | D:5      | Found Rijuc's Elemental Accessories.
  3831 | D:5      | Found a hide-covered altar of Uskayaw.
  4172 | D:5      | 4172 ||| Stepping ~*~*~tactically~*~*~ (hiding).
  4465 | D:5      | 4465 ||| DRINKING 2 fuming red potions.
  4516 | D:6      | 4516 ||| Stepping ~*~*~tactically~*~*~ (stealth).
  4567 | D:6      | Reached skill level 1 in Throwing
  4572 | D:6      | Reached * piety under Okawaru
  4615 | D:6      | Identified the +1 short sword of Courage {flame, rElec
                  | Will+++ rCorr Int-3}
  4679 | D:6      | Reached skill level 1 in Invocations
  4755 | D:6      | 4755 ||| INVOKING Heroism.
  4909 | D:6      | Identified the +5 ring mail of Ananag {Fly}
  5045 | D:6      | 5045 ||| UPGRADING to +0 pair of boots of flying.
  5055 | D:6      | 5055 ||| DROPPING +0 pair of boots.
  5056 | D:6      | 5056 ||| READING 3 scrolls of identify.
  5056 | D:6      | 5056 ||| IDENTIFYING brown potion
  5057 | D:6      | 5057 ||| READING 2 scrolls of identify.
  5057 | D:6      | 5057 ||| IDENTIFYING fizzy amethyst potion
  5058 | D:6      | 5058 ||| DROPPING potion of brilliance.
  5082 | D:7      | 5082 ||| Stepping ~*~*~tactically~*~*~ (hiding).
  5086 | D:7      | 5086 ||| INVOKING Heroism.
  5093 | D:7      | Reached skill level 8 in Axes
  5093 | D:7      | Reached skill level 3 in Invocations
  5093 | D:7      | 5093 ||| Stepping ~*~*~tactically~*~*~ (cloud).
  5098 | D:7      | Reached XP level 9. HP: 53/54 MP: 8/11
  5127 | D:7      | Found a staircase to the Ecumenical Temple.
  5129 | D:7      | Noticed a hornet
  5130 | D:7      | 5130 ||| Stepping ~*~*~tactically~*~*~ (stealth).
  5139 | D:7      | 5139 ||| INVOKING Heroism.
  5151 | D:7      | Killed a hornet
  5152 | D:7      | Reached skill level 6 in Fighting
  5341 | D:7      | Reached ** piety under Okawaru
  5389 | D:7      | Found a flagged portal.
  5464 | D:7      | Noticed Menkaure
  5465 | D:7      | 5465 ||| Stepping ~*~*~tactically~*~*~ (hiding).
  5468 | D:7      | 5468 ||| INVOKING Heroism.
  5472 | D:7      | Killed Menkaure
  5473 | D:7      | Reached skill level 6 in Armour
  5640 | D:7      | 5640 ||| Stepping ~*~*~tactically~*~*~ (stealth).
  5672 | D:7      | 5672 ||| Stepping ~*~*~tactically~*~*~ (stealth).
  5675 | D:7      | 5675 ||| DROPPING +0 flail.
  5677 | D:7      | 5677 ||| Stepping ~*~*~tactically~*~*~ (stealth).
  5700 | D:7      | 5700 ||| Stepping ~*~*~tactically~*~*~ (hiding).
  5746 | D:7      | Noticed qw's ghost (novice NaHu)
  5750 | D:7      | Found a runed translucent door.
  5891 | D:7      | 5891 ||| READING scroll labelled NEUFOQE RIJU.
  5892 | D:7      | 5892 ||| READING scroll labelled YRHESO ZAGGO.
  5893 | D:7      | 5893 ||| READING scroll labelled EDULYK QUCASU.
  5894 | D:7      | 5894 ||| READING 2 scrolls of identify.
  5894 | D:7      | 5894 ||| IDENTIFYING pink potion
  5935 | D:8      | 5935 ||| Stepping ~*~*~tactically~*~*~ (cloud).
  5936 | D:8      | 5936 ||| INVOKING Heroism.
  5942 | D:8      | 5942 ||| Stepping ~*~*~tactically~*~*~ (cloud).
  6007 | D:8      | Found a white marble altar of Elyvilon.
  6086 | D:8      | 6086 ||| INVOKING Heroism.
  6091 | D:8      | Reached skill level 9 in Axes
  6095 | D:8      | Found a staircase to the Lair.
  6111 | D:8      | Reached XP level 10. HP: 31/63 MP: 13/13
  6113 | D:8      | Reached *** piety under Okawaru
  6120 | D:8      | 6120 ||| INVOKING Heroism.
  6258 | D:8      | Reached skill level 10 in Axes
  6281 | D:8      | 6281 ||| Stepping ~*~*~tactically~*~*~ (hiding).
  6300 | D:8      | 6300 ||| Stepping ~*~*~tactically~*~*~ (hiding).
  6331 | D:8      | 6331 ||| Stepping ~*~*~tactically~*~*~ (stealth).
  6342 | D:8      | 6342 ||| INVOKING Heroism.
  6498 | D:8      | Found a blossoming altar of Fedhas.
  6523 | D:8      | 6523 ||| DROPPING +2 heavy mace.
  6844 | D:8      | 6844 ||| PLANNING LAIR
  6844 | D:8      | 6844 ||| UPGRADING to ring of see invisible.
  6862 | Lair:1   | Entered Level 1 of the Lair of Beasts
  6865 | Lair:1   | 6865 ||| INVOKING Heroism.
  6893 | Lair:1   | Noticed a cane toad
  6894 | Lair:1   | 6894 ||| INVOKING Heroism.
  6902 | Lair:1   | Killed a cane toad
  7010 | Lair:1   | Noticed an oklob plant
  7011 | Lair:1   | 7011 ||| INVOKING Heroism.
  7017 | Lair:1   | HP: 5/64 [oklob plant/splash of acid (16)]
  7018 | Lair:1   | 7018 ||| READING 2 scrolls of teleportation.
  7019 | Lair:1   | 7019 ||| DRINKING 2 potions of heal wounds.
  7133 | Lair:1   | Reached **** piety under Okawaru
  7138 | Lair:1   | 7138 ||| Stepping ~*~*~tactically~*~*~ (stealth).
  7266 | Lair:1   | 7266 ||| INVOKING Heroism.
  7274 | Lair:1   | Reached XP level 11. HP: 60/69 MP: 11/15
  7279 | Lair:1   | Reached skill level 6 in Invocations
  7325 | Lair:1   | Noticed a catoblepas
  7326 | Lair:1   | 7326 ||| INVOKING Heroism.
  7340 | Lair:1   | Killed a catoblepas
  7428 | Lair:1   | 7428 ||| Stepping ~*~*~tactically~*~*~ (hiding).
  7429 | Lair:1   | 7429 ||| Stepping ~*~*~tactically~*~*~ (hiding).
  7438 | Lair:1   | 7438 ||| Stepping ~*~*~tactically~*~*~ (stealth).
  7471 | Lair:1   | 7471 ||| Stepping ~*~*~tactically~*~*~ (stealth).
  7476 | Lair:1   | 7476 ||| Stepping ~*~*~tactically~*~*~ (stealth).
  7487 | Lair:1   | Reached skill level 11 in Axes
  7536 | Lair:1   | Found a shimmering altar of Xom.
  7538 | Lair:1   | 7538 ||| INVOKING Heroism.
  7544 | Lair:1   | 7544 ||| Stepping ~*~*~tactically~*~*~ (stealth).
  7545 | Lair:1   | 7545 ||| Stepping ~*~*~tactically~*~*~ (stealth).
  7577 | Lair:1   | 7577 ||| INVOKING Heroism.
  7983 | Lair:2   | Reached skill level 9 in Fighting
  7986 | Lair:2   | 7986 ||| STAIRDANCE
  7991 | Lair:1   | Reached ***** piety under Okawaru
  8028 | Lair:2   | 8028 ||| STAIRDANCE
  8097 | Lair:2   | Found a shimmering altar of Xom.
  8108 | Lair:2   | 8108 ||| INVOKING Heroism.
  8108 | Lair:2   | Noticed a boulder beetle
  8109 | Lair:2   | 8109 ||| Stepping ~*~*~tactically~*~*~ (stealth).
  8125 | Lair:2   | 8125 ||| INVOKING Finesse.
  8139 | Lair:2   | Killed a boulder beetle
  8281 | Lair:2   | 8281 ||| INVOKING Heroism.
  8311 | Lair:2   | 8311 ||| INVOKING Heroism.
  8318 | Lair:2   | Reached skill level 9 in Armour
  8408 | Lair:2   | 8408 ||| INVOKING Heroism.
  8415 | Lair:2   | Reached skill level 9 in Invocations
  8478 | Lair:2   | 8478 ||| INVOKING Heroism.
  8676 | Lair:2   | 8676 ||| INVOKING Heroism.
  8766 | Lair:2   | 8766 ||| Stepping ~*~*~tactically~*~*~ (stealth).
  8767 | Lair:2   | 8767 ||| Stepping ~*~*~tactically~*~*~ (stealth).
  8779 | Lair:2   | Reached XP level 12. HP: 75/76 MP: 18/18
  9240 | Lair:3   | 9240 ||| STAIRDANCE
  9264 | Lair:3   | 9264 ||| STAIRDANCE
  9268 | Lair:3   | 9268 ||| STAIRDANCE
  9272 | Lair:3   | 9272 ||| STAIRDANCE
  9274 | Lair:2   | 9274 ||| INVOKING Heroism.
  9300 | Lair:3   | Noticed a boulder beetle
  9308 | Lair:3   | 9308 ||| INVOKING Heroism.
  9314 | Lair:3   | Killed a boulder beetle
  9372 | Lair:3   | 9372 ||| INVOKING Heroism.
  9433 | Lair:3   | Found a staircase to the Snake Pit.
  9443 | Lair:3   | 9443 ||| INVOKING Heroism.
  9445 | Lair:3   | 9445 ||| Stepping ~*~*~tactically~*~*~ (hiding).
  9446 | Lair:3   | 9446 ||| Stepping ~*~*~tactically~*~*~ (hiding).
  9447 | Lair:3   | 9447 ||| Stepping ~*~*~tactically~*~*~ (hiding).
  9450 | Lair:3   | 9450 ||| Stepping ~*~*~tactically~*~*~ (hiding).
  9467 | Lair:3   | Reached skill level 12 in Axes
  9604 | Lair:3   | Found a runed translucent gate.
  9604 | Lair:3   | Found a runed translucent gate.
  9604 | Lair:3   | Found a runed translucent gate.
  9605 | Lair:3   | Noticed qw's ghost (journeyman NaHu)
  9605 | Lair:3   | Noticed qw's ghost (journeyman GrFi)
  9612 | Lair:3   | 9612 ||| INVOKING Heroism.
  9646 | Lair:3   | 9646 ||| Stepping ~*~*~tactically~*~*~ (stealth).
  9648 | Lair:3   | 9648 ||| Stepping ~*~*~tactically~*~*~ (stealth).
  9653 | Lair:3   | Reached skill level 6 in Shields
  9724 | Lair:3   | 9724 ||| INVOKING Heroism.
  9755 | Lair:3   | Identified the +5 ring mail of a ziggurat {-Tele Dex+6
                  | Slay+4}
  9791 | Lair:3   | Noticed a skyshark
  9801 | Lair:3   | 9801 ||| INVOKING Heroism.
  9805 | Lair:3   | Killed a skyshark
  9845 | Lair:3   | 9845 ||| Stepping ~*~*~tactically~*~*~ (stealth).
  9913 | Lair:3   | 9913 ||| Stepping ~*~*~tactically~*~*~ (stealth).
  9945 | Lair:3   | 9945 ||| Stepping ~*~*~tactically~*~*~ (stealth).
 10006 | Lair:3   | 10006 ||| INVOKING Heroism.
 10008 | Lair:3   | Reached skill level 13 in Axes
 10045 | Lair:3   | 10045 ||| INVOKING Heroism.
 10054 | Lair:3   | Reached XP level 13. HP: 55/82 MP: 18/20
 10140 | Lair:3   | Found a staircase to the Shoals.
 10457 | Lair:3   | 10457 ||| READING scroll labelled MYSUWU IBBEQOCYE.
 10643 | Lair:4   | Reached skill level 14 in Axes
 10700 | Lair:4   | 10700 ||| INVOKING Heroism.
 10762 | Lair:4   | Received a gift from Okawaru
 10801 | Lair:4   | 10801 ||| SWAPPING to +3 heavy war axe.
 10802 | Lair:4   | 10802 ||| DROPPING +1 war axe of electrocution.
 10809 | Lair:4   | 10809 ||| Stepping ~*~*~tactically~*~*~ (stealth).
 10811 | Lair:4   | 10811 ||| Stepping ~*~*~tactically~*~*~ (stealth).
 10870 | Lair:4   | 10870 ||| INVOKING Heroism.
 10871 | Lair:4   | 10871 ||| INVOKING Finesse.
 10874 | Lair:4   | 10874 ||| SWAPPING to +4 flail of freezing.
 10879 | Lair:4   | 10879 ||| SWAPPING to +3 heavy war axe.
 10991 | Lair:4   | 10991 ||| INVOKING Heroism.
 10992 | Lair:4   | 10992 ||| INVOKING Finesse.
 10993 | Lair:4   | Found a viscous altar of Jiyva.
 10993 | Lair:4   | Found a staircase to the Slime Pits.
 11009 | Lair:4   | 11009 ||| READING 3 scrolls of teleportation.
 11152 | Lair:4   | Found a runed translucent gate.
 11153 | Lair:4   | Found a runed translucent gate.
 11154 | Lair:4   | Found a runed translucent gate.
 11154 | Lair:4   | Noticed qw's ghost (journeyman GrFi)
 11166 | Lair:4   | 11166 ||| INVOKING Heroism.
 11356 | Lair:4   | 11356 ||| INVOKING Heroism.
 11357 | Lair:4   | 11357 ||| INVOKING Finesse.
 11817 | Lair:4   | 11817 ||| FLEEEEING.
 11937 | Lair:4   | 11937 ||| INVOKING Heroism.
 11938 | Lair:4   | 11938 ||| INVOKING Finesse.
 12076 | Lair:4   | 12076 ||| READING scroll labelled FIPEAX ROEXZEU.
 12177 | Lair:4   | 12177 ||| READING 2 scrolls of identify.
 12177 | Lair:4   | 12177 ||| IDENTIFYING metallic red potion
 12217 | Lair:5   | Entered Level 5 of the Lair of Beasts
 12222 | Lair:5   | 12222 ||| STAIRDANCE
 12358 | Lair:5   | 12358 ||| INVOKING Heroism.
 12394 | Lair:5   | 12394 ||| DROPPING +1 mace of holy wrath.
 12395 | Lair:5   | 12395 ||| DROPPING +4 flail of freezing.
 12403 | Lair:5   | 12403 ||| INVOKING Finesse.
 12418 | Lair:5   | 12418 ||| INVOKING Heroism.
 12428 | Lair:5   | Reached skill level 15 in Axes
 12428 | Lair:5   | Gained mutation: Your large and strong wings let you fly.
                  | [Gargoyle growth]
 12428 | Lair:5   | Reached XP level 14. HP: 53/90 MP: 15/21
 12461 | Lair:5   | 12461 ||| INVOKING Heroism.
 12572 | Lair:5   | Received a gift from Okawaru
 12583 | Lair:5   | 12583 ||| Stepping ~*~*~tactically~*~*~ (hiding).
 12584 | Lair:5   | 12584 ||| Stepping ~*~*~tactically~*~*~ (hiding).
 12589 | Lair:5   | Noticed Urug
 12590 | Lair:5   | 12590 ||| INVOKING Heroism.
 12600 | Lair:5   | 12600 ||| SWAPPING to +2 flail of protection.
 12605 | Lair:5   | HP: 18/91 [tyrant leech (5)]
 12606 | Lair:5   | 12606 ||| READING 3 scrolls of teleportation.
 12606 | Lair:5   | HP: 5/91 [Urug/+4 war axe of freezing (14)]
 12607 | Lair:5   | 12607 ||| DRINKING potion of heal wounds.
 12611 | Lair:5   | 12611 ||| SWAPPING to +3 heavy war axe.
 12765 | Lair:5   | 12765 ||| Stepping ~*~*~tactically~*~*~ (stealth).
 12767 | Lair:5   | 12767 ||| Stepping ~*~*~tactically~*~*~ (stealth).
 12771 | Lair:5   | 12771 ||| Stepping ~*~*~tactically~*~*~ (stealth).
 12776 | Lair:5   | 12776 ||| INVOKING Heroism.
 12807 | Lair:5   | Reached skill level 12 in Fighting
 12867 | Lair:5   | 12867 ||| INVOKING Heroism.
 12903 | Lair:5   | 12903 ||| INVOKING Heroism.
 12910 | Lair:5   | Killed Urug
 12973 | Lair:5   | 12973 ||| Stepping ~*~*~tactically~*~*~ (stealth).
 12982 | Lair:5   | 12982 ||| SWAPPING to +4 war axe of freezing.
 12983 | Lair:5   | 12983 ||| DROPPING +3 heavy war axe.
 13027 | Lair:5   | Identified the +9 glaive "Bupnuo Wuygu" {speed, Fragile
                  | rPois Int+4}
 13036 | Lair:5   | 13036 ||| Stepping ~*~*~tactically~*~*~ (stealth).
 13038 | Lair:5   | 13038 ||| Stepping ~*~*~tactically~*~*~ (stealth).
 13098 | Lair:5   | 13098 ||| INVOKING Heroism.
 13132 | Lair:5   | Reached skill level 3 in Throwing
 13168 | Lair:5   | 13168 ||| INVOKING Heroism.
 13170 | Lair:5   | Reached skill level 3 in Dodging
 13182 | Lair:5   | 13182 ||| Stepping ~*~*~tactically~*~*~ (stealth).
 13292 | Lair:5   | 13292 ||| Stepping ~*~*~tactically~*~*~ (stealth).
 13294 | Lair:5   | 13294 ||| INVOKING Heroism.
 13295 | Lair:5   | 13295 ||| SWAPPING to +2 flail of protection.
 13305 | Lair:5   | 13305 ||| SWAPPING to +4 war axe of freezing.
 13394 | Lair:5   | 13394 ||| Stepping ~*~*~tactically~*~*~ (stealth).
 13395 | Lair:5   | 13395 ||| Stepping ~*~*~tactically~*~*~ (stealth).
 13460 | Lair:5   | 13460 ||| Stepping ~*~*~tactically~*~*~ (stealth).
 13477 | Lair:5   | 13477 ||| INVOKING Heroism.
 13483 | Lair:5   | Received a gift from Okawaru
 13567 | Lair:5   | Identified the +1 robe "Xuosoe" {Str+3 Dex+8}
 13590 | Lair:5   | 13590 ||| INVOKING Heroism.
 13634 | Lair:5   | 13634 ||| READING scroll of enchant weapon.
 13634 | Lair:5   | 13634 ||| ENCHANTING +4 war axe of freezing.
 13766 | Lair:5   | Received a gift from Okawaru
 13987 | Lair:5   | 13987 ||| PLANNING D:1-11
 13987 | Lair:5   | 13987 ||| UPGRADING to +1 cloak of stealth.
 13997 | Lair:5   | 13997 ||| DROPPING +0 cloak.
 13998 | Lair:5   | 13998 ||| DROPPING +6 ring of intelligence.
 13999 | Lair:5   | 13999 ||| DRINKING 2 sedimented green potions.
 14000 | Lair:5   | 14000 ||| DRINKING 2 lumpy inky potions.
 14001 | Lair:5   | 14001 ||| DROPPING potion of degeneration.
 14138 | D:9      | Found an ornate altar of the Wu Jian Council.
 14283 | D:9      | 14283 ||| Stepping ~*~*~tactically~*~*~ (hiding).
 14287 | D:9      | 14287 ||| Stepping ~*~*~tactically~*~*~ (hiding).
 14288 | D:9      | 14288 ||| Stepping ~*~*~tactically~*~*~ (hiding).
 14323 | D:9      | 14323 ||| Stepping ~*~*~tactically~*~*~ (stealth).
 14324 | D:9      | 14324 ||| Stepping ~*~*~tactically~*~*~ (stealth).
 14325 | D:9      | 14325 ||| Stepping ~*~*~tactically~*~*~ (stealth).
 14397 | D:9      | 14397 ||| Stepping ~*~*~tactically~*~*~ (hiding).
 14403 | D:9      | 14403 ||| Stepping ~*~*~tactically~*~*~ (stealth).
 14404 | D:9      | 14404 ||| Stepping ~*~*~tactically~*~*~ (stealth).
 14406 | D:9      | 14406 ||| Stepping ~*~*~tactically~*~*~ (hiding).
 14460 | D:9      | Found a staircase to the Orcish Mines.
 14467 | D:9      | 14467 ||| Stepping ~*~*~tactically~*~*~ (hiding).
 14596 | D:9      | Found a stormy altar of Qazlal.
 14640 | D:9      | Noticed Psyche
 14646 | D:9      | Killed Psyche
 14647 | D:9      | 14647 ||| Stepping ~*~*~tactically~*~*~ (stealth).
 14678 | D:9      | Found a shimmering blue altar of Sif Muna.
 14687 | D:9      | Found an ancient bone altar of Kikubaaqudgha.
 14693 | D:9      | Found a radiant altar of Vehumet.
 14781 | D:9      | 14781 ||| Stepping ~*~*~tactically~*~*~ (hiding).
 14782 | D:9      | 14782 ||| Stepping ~*~*~tactically~*~*~ (hiding).
 14937 | D:9      | Found a burning altar of Makhleb.
 15401 | D:10     | Entered Level 10 of the Dungeon
 15414 | D:10     | Found Vapyefro's Magic Scroll Shoppe.
 15419 | D:10     | 15419 ||| BUYING 2 scrolls of teleportation (84 gold).
 15419 | D:10     | Bought 2 scrolls of teleportation for 84 gold pieces
 15419 | D:10     | 15419 ||| BUYING scroll of identify (28 gold).
 15419 | D:10     | Bought a scroll of identify for 28 gold pieces
 15419 | D:10     | 15419 ||| BUYING scroll of identify (28 gold).
 15419 | D:10     | Bought a scroll of identify for 28 gold pieces
 15419 | D:10     | 15419 ||| BUYING scroll of identify (28 gold).
 15419 | D:10     | Bought a scroll of identify for 28 gold pieces
 15419 | D:10     | 15419 ||| BUYING scroll of teleportation (42 gold).
 15419 | D:10     | Bought a scroll of teleportation for 42 gold pieces
 15419 | D:10     | 15419 ||| BUYING scroll of teleportation (42 gold).
 15419 | D:10     | Bought a scroll of teleportation for 42 gold pieces
 15419 | D:10     | 15419 ||| BUYING scroll of teleportation (42 gold).
 15419 | D:10     | Bought a scroll of teleportation for 42 gold pieces
 15419 | D:10     | 15419 ||| BUYING scroll of teleportation (42 gold).
 15419 | D:10     | Bought a scroll of teleportation for 42 gold pieces
 15609 | D:10     | 15609 ||| FLEEEEING.
 15610 | D:10     | 15610 ||| FLEEEEING.
 15611 | D:10     | 15611 ||| FLEEEEING.
 15612 | D:10     | 15612 ||| FLEEEEING.
 15613 | D:10     | 15613 ||| FLEEEEING.
 15614 | D:10     | 15614 ||| FLEEEEING.
 15615 | D:10     | 15615 ||| FLEEEEING.
 15616 | D:10     | 15616 ||| FLEEEEING.
 15617 | D:10     | 15617 ||| FLEEEEING.
 15618 | D:10     | 15618 ||| FLEEEEING.
 15621 | D:10     | 15621 ||| FLEEEEING.
 15622 | D:10     | 15622 ||| FLEEEEING.
 15623 | D:10     | 15623 ||| FLEEEEING.
 15624 | D:10     | 15624 ||| FLEEEEING.
 15625 | D:10     | 15625 ||| FLEEEEING.
 15626 | D:10     | 15626 ||| FLEEEEING.
 15627 | D:10     | 15627 ||| FLEEEEING.
 15630 | D:10     | 15630 ||| FLEEEEING.
 15631 | D:10     | 15631 ||| FLEEEEING.
 15634 | D:10     | 15634 ||| FLEEEEING.
 15635 | D:10     | 15635 ||| FLEEEEING.
 15636 | D:10     | 15636 ||| FLEEEEING.
 15639 | D:10     | 15639 ||| FLEEEEING.
 15640 | D:10     | 15640 ||| FLEEEEING.
 15643 | D:10     | 15643 ||| FLEEEEING.
 15644 | D:10     | 15644 ||| FLEEEEING.
 15645 | D:10     | 15645 ||| FLEEEEING.
 15646 | D:10     | 15646 ||| FLEEEEING.
 15647 | D:10     | 15647 ||| FLEEEEING.
 15912 | D:10     | 15912 ||| Stepping ~*~*~tactically~*~*~ (hiding).
 15913 | D:10     | 15913 ||| Stepping ~*~*~tactically~*~*~ (hiding).
 15914 | D:10     | 15914 ||| Stepping ~*~*~tactically~*~*~ (hiding).
 15966 | D:10     | 15966 ||| Stepping ~*~*~tactically~*~*~ (stealth).
 16116 | D:11     | 16116 ||| FLEEEEING.
 16328 | D:11     | 16328 ||| Stepping ~*~*~tactically~*~*~ (stealth).
 16920 | D:11     | 16920 ||| PLANNING D
 16920 | D:11     | 16920 ||| UPGRADING to amulet of reflection.
 16925 | D:11     | 16925 ||| DROPPING amulet of guardian spirit.
 16926 | D:11     | 16926 ||| READING 5 scrolls of identify.
 16926 | D:11     | 16926 ||| IDENTIFYING fizzy brown potion
 16927 | D:11     | 16927 ||| DROPPING potion of ambrosia.
 16965 | D:12     | Noticed Josephine
 16978 | D:12     | Reached skill level 6 in Throwing
 16978 | D:12     | 16978 ||| INVOKING Heroism.
 16979 | D:12     | Killed Josephine
 17173 | D:12     | Noticed Nessos
 17174 | D:12     | 17174 ||| INVOKING Finesse.
 17187 | D:12     | 17187 ||| INVOKING Heroism.
 17187 | D:12     | HP: 20/92 [Nessos/arrow (10)]
 17188 | D:12     | 17188 ||| READING 10 scrolls of teleportation.
 17190 | D:12     | Killed Nessos
 17192 | D:12     | 17192 ||| READING 9 scrolls of teleportation.
 17197 | D:12     | HP: 13/92 [tengu warrior/+0 glaive (2)]
 17203 | D:12     | 17203 ||| READING 8 scrolls of teleportation.
 17206 | D:12     | Mangled by a komodo dragon

Levels and vault maps discovered:
D:1:      minmay_arrival_radiant_lines, layout_loops_ring
D:2:      layout_loops_cross
D:3:      layout_loops_ring, portal_sewer_entry_e, kennysheep_cluttered_room,
          serial_park_tiny_1, uniq_terence, uniq_robin
D:4:      layout_loops_ring, mainiacjoe_overflow_boulevard,
          mainiacjoe_overflow_tiny_flanked, nicolae_overflow_hidden_temple,
          grunt_ministairs_12
D:5:      layout_layer_cave, eat_drink_and_be_merry_uskayaw,
          nicolae_elemental_shop, minmay_holes, uniq_grinder
D:6:      layout_cave_pools
D:7:      layout_loops_ring, minmay_temple_entry_stoned_glass, enter_bailey_3,
          hellmonk_ghost_happy_afterlife, uniq_menkaure
D:8:      layout_loops_ring, mainiacjoe_overflow_six_doors_small,
          lemuel_doored_altar, due_lair_maze_entry_diamond,
          nicolae_figureground_sparkle
D:9:      layout_long_grid, palyth_temple_overflow_mages,
          pdpol_wu_jian_five_deadly_venoms, general_overflow_altar,
          kennysheep_little_box, david_orc_3, serial_co_window_serial,
          co_window_corner_a, co_window_corner_a, co_window_of_opportunity_a,
          co_window_of_opportunity_a, co_window_paths_a,
          co_window_of_opportunity_a, co_window_paths_a, co_window_corner_b,
          co_window_unsneaky_path_d, co_window_unsneaky_path_b,
          co_window_cross_3, co_window_broadway_c, co_window_4corner_a,
          glass_columns_b, uniq_psyche
D:10:     layout_basic, serial_shops, shop, water_boxes_lemuel
D:11:     layout_long_grid
D:12:     layout_roguey, serial_shops, nicolae_square_shop, uniq_nessos,
          uniq_josephine
Lair:1:   layout_chaotic_city, basic_altar
Lair:2:   layout_cave_pods, basic_altar, serial_bayou_shore_b,
          grunt_megastairs_5, lemuel_fruit_fields, serial_bayou_shore_b,
          infiniplex_staircase_pool
Lair:3:   layout_cave_shapes, nicolae_shoals_entry_roost,
          guppyfry_snake_entry_garden, gammafunk_ghost_cemetery,
          grunt_megastairs_2, lemuel_fruit_tree
Lair:4:   layout_big_grid, minmay_slime_entry_oklob_enclosed,
          gammafunk_ghost_hydra_chop, minivault_11
Lair:5:   minmay_lair_end_frog_pond, layout_regular_city, uniq_urug

Skill      XL: |  1  2  3  4  5  6  7  8  9 10 11 12 13 14 |
---------------+-------------------------------------------+-----
Axes           | 2 3 4 5 6 8 9 10 11 13 15 | 15.7
Fighting       | 4 5 7 8 9 10 11 12 | 12.0
Armour         | 4 5 7 8 9 11 | 11.0
Dodging        | 2 3 |  3.0
Throwing       | 1 6 |  6.0
Invocations    | 3 4 5 9 10 | 10.0
Shields        | 4 5 6 7 |  7.3

Action                     |  1- 3 |  4- 6 |  7- 9 | 10-12 | 13-15 || total
---------------------------+-------+-------+-------+-------+-------++-------
  Melee: War axe           |   101 |   105 |   176 |   416 |   551 ||  1349
         Flail             |       |       |       |       |    21 ||    21
  Throw: Boomerang         |       |    22 |    46 |    56 |    10 ||   134
         Javelin           |       |       |       |       |    85 ||    85
 Invoke: Heroism           |       |       |     6 |    24 |    20 ||    50
         Finesse           |       |       |       |     1 |     6 ||     7
    Use: Scroll            |     5 |     5 |     6 |     1 |    10 ||    27
         Potion            |       |     2 |     1 |     1 |     3 ||     7
 Armour: Scale mail        |    24 |       |       |       |       ||    24
         Plate armour      |    37 |    78 |   152 |   228 |   401 ||   896
  Dodge: Dodged            |    24 |    28 |    81 |   154 |   200 ||   487
  Block: Buckler           |    14 |    22 |    55 |    91 |   152 ||   334
         Reflection        |       |       |       |       |     2 ||     2

Table legend:
 A = Non-vault XP
 B = Vault XP
 C = Vault XP percentage of total XP
 D = Non-vault monster count
 E = Vault monster count
 F = Vault count percentage of total count
                 A         B        C        D         E       F
            +---------+---------+-------+---------+---------+-------
      Total |   57120 |   24281 |  29.8 |     338 |     116 |  25.6
            +---------+---------+-------+---------+---------+-------
        D:1 |      36 |       0 |   0.0 |      21 |       0 |   0.0
        D:2 |      38 |       0 |   0.0 |      14 |       0 |   0.0
        D:3 |     104 |     107 |  50.7 |      15 |      22 |  59.5
        D:4 |     323 |     292 |  47.5 |       9 |       3 |  25.0
        D:5 |     443 |       0 |   0.0 |      17 |       0 |   0.0
        D:6 |     601 |       0 |   0.0 |      15 |       0 |   0.0
        D:7 |    1549 |     178 |  10.3 |      14 |       5 |  26.3
        D:8 |    1156 |    1379 |  54.4 |      12 |      12 |  50.0
        D:9 |    1199 |    1026 |  46.1 |      15 |      11 |  42.3
       D:10 |    1740 |       0 |   0.0 |      23 |       0 |   0.0
       D:11 |    3524 |       0 |   0.0 |      25 |       0 |   0.0
       D:12 |    1051 |    2952 |  73.7 |       5 |       7 |  58.3
     Lair:1 |    8351 |       0 |   0.0 |      35 |       0 |   0.0
     Lair:2 |    4760 |     758 |  13.7 |      23 |       2 |   8.0
     Lair:3 |    8717 |    4889 |  35.9 |      27 |      17 |  38.6
     Lair:4 |   13855 |    2311 |  14.3 |      38 |       4 |   9.5
     Lair:5 |    9673 |   10389 |  51.8 |      30 |      33 |  52.4
            +---------+---------+-------+---------+---------+-------
